 Dungeon Crawl Stone Soup version 0.28-a0-172-g787e458d71 (webtiles) character file.

Game seed: 11074448020571278789

83 Rennog the Covered (level 4, -1/38 HPs)
             Began as a Gnoll Wanderer on Aug 17, 2021.
             Slain by a phantom (7 damage)
             ... on level 4 of the Dungeon.
             The game lasted 00:02:19 (1632 turns).

Rennog the Covered (Gnoll Wanderer)                 Turns: 1632, Time: 00:02:20

Health: -1/38      AC: 11    Str: 13    XL:     4   Next: 44%
Magic:  8/8        EV:  9    Int:  9    God:
Gold:   33         SH:  0    Dex: 13    Spells: 9/9 levels left

rFire   . . .      SeeInvis .   a - +0 spear
rCold   . . .      Faith    .   (no shield)
rNeg    . . .      Spirit   .   b - +2 scale mail
rPois   .          Reflect  .   (no helmet)
rElec   .          Harm     .   h - +0 cloak
rCorr   .          Rampage  .   (no gloves)
Will    .....                   (no boots)
Stlth   +.........              (no amulet)
HPRegen 0.12/turn               (no ring)
MPRegen 0.11/turn               (no ring)

@: no status effects
A: fangs 1, strong nose, distributed training
a: no special abilities


You were on level 4 of the Dungeon.
You visited 1 branch of the dungeon, and saw 3 of its levels.

You collected 33 gold pieces.

Inventory:

Hand Weapons
 a - a +0 spear (weapon)
 d - a +0 dagger
Armour
 b - a +2 scale mail (worn)
 h - a +0 cloak (worn)
 j - a +0 chain mail
Jewellery
 k - a ring of ice
Scrolls
 e - a scroll of identify {unknown}
 f - 4 scrolls of amnesia {unknown}
 l - a scroll of noise {unknown}
 m - a scroll of blinking {unknown}
Potions
 c - a potion of lignification
 g - 2 potions of curing {unknown}
 i - a potion of flight {unknown}


   Skills:
 + Level 4.6 Fighting
 + Level 1.1 Short Blades
 + Level 1.1 Long Blades
 + Level 1.1 Axes
 + Level 1.1 Maces & Flails
 + Level 1.1 Polearms
 + Level 1.1 Staves
 + Level 1.1 Slings
 + Level 1.1 Bows
 + Level 1.1 Crossbows
 + Level 1.1 Throwing
 + Level 6.6 Armour
 + Level 1.1 Dodging
 + Level 4.2 Stealth
 + Level 1.1 Shields
 + Level 1.1 Unarmed Combat
 + Level 3.0 Spellcasting
 + Level 0.9 Conjurations
 + Level 3.8 Hexes
 + Level 0.9 Summonings
 + Level 0.9 Necromancy
 + Level 0.9 Translocations
 + Level 0.9 Transmutations
 + Level 0.9 Fire Magic
 + Level 0.9 Ice Magic
 + Level 0.9 Air Magic
 + Level 0.9 Earth Magic
 + Level 0.9 Poison Magic
 + Level 1.2 Invocations
 + Level 1.1 Evocations


You had 9 spell levels left.
You didn't know any spells.
Your spell library contained the following spells:

 Spells                   Type           Power      Damage    Failure   Level
 Freeze                   Ice            12%        1d4       63%         1
 Frozen Ramparts          Ice            6%         1d2       94%         3
 Hailstorm                Conj/Ice       3%         3d3       100%        4


Dungeon Overview and Level Annotations

Branches:
Dungeon (4/15)
 Temple: D:4-7

Altars:


Innate Abilities, Weirdness & Mutations

You have very sharp teeth.
Your uncanny sense of smell can sniff out nearby items.
Your experience applies equally to all skills.


Message History

You closely miss the orc.
The orc is lightly wounded.
The orc closely misses you.
You hit the orc.
The orc is severely wounded.
The orc hits you but does no damage.
You hit the orc.
The orc is severely wounded.
The orc hits you but does no damage.
You hit the orc. Your bite misses the orc.
The orc is almost dead.
The orc hits you with a +0 flail.
You hit the orc but do no damage.
The orc is almost dead.
The orc barely misses you.
You hit the orc but do no damage.
The orc is almost dead.
The orc hits you with a +0 flail.
You hit the orc.
You kill the orc!
You closely miss the orc. Your bite misses the orc.
The orc completely misses you.
You hit the phantom but do no damage. You completely miss the phantom.
You bite the phantom, but do no damage. The phantom hits you.
The phantom blinks!
You blink.
The phantom hits you but does no damage.
You hit the phantom but do no damage. The phantom hits you.
The phantom blinks!
You blink.
You hit the phantom. You bite the phantom, but do no damage.
The phantom is lightly damaged.
The phantom hits you.
The phantom blinks!
You blink.
You closely miss the phantom.
The phantom is lightly damaged.
The phantom hits you. The orc closely misses you.
The orc priest mumbles some strange prayers to Beogh against you.
Beogh smites you!
* * * LOW HITPOINT WARNING * * *
The phantom hits you!
You die...

#..... .............. #.....
................ #.....
................. #.....
.............. ..#.....
.>........... .#.....
............ ...... .
#.##........ #.####
....######.##@.##########.####
......)...o.W.......#.........
#+#.#####..o..................
#..##.#####.#.........
#..##.#...............
#...#.##.#..#.###.####
#.#§........#.......
#.#...##.#††#####....
#.............. ......


You could see a phantom, an orc priest and an orc.

Vanquished Creatures
  A hound (D:4)
  2 adders (D:2)
  A dart slug (D:1)
  An orc (D:4)
  2 bats
  2 endoplasms (D:2)
  3 giant cockroaches
  4 goblins
  3 hobgoblins
  A quokka (D:1)
  4 ball pythons
  4 kobolds
  3 rats (D:1)
31 creatures vanquished.

Notes
Turn   | Place    | Note
-------+----------+-------------------------------------------
     0 | D:1      | Rennog the Gnoll Wanderer began the quest for the Orb.
     0 | D:1      | Rennog set off with the following items: a +0 spear, a +2
                  | scale mail, a potion of lignification, a +0 dagger
     0 | D:1      | Reached XP level 1. HP: 20/20 MP: 4/4
   347 | D:1      | Reached XP level 2. HP: 26/26 MP: 5/5
   825 | D:2      | Reached XP level 3. HP: 11/31 MP: 7/7
  1297 | D:2      | Reached skill level 1 in Invocations
  1546 | D:2      | You fall into a shaft and drop 2 floors!
  1557 | D:4      | Reached skill level 1 in Short Blades
  1557 | D:4      | Reached skill level 1 in Long Blades
  1557 | D:4      | Reached skill level 1 in Axes
  1557 | D:4      | Reached skill level 1 in Maces & Flails
  1557 | D:4      | Reached skill level 1 in Polearms
  1557 | D:4      | Reached skill level 1 in Staves
  1557 | D:4      | Reached skill level 1 in Slings
  1557 | D:4      | Reached skill level 1 in Bows
  1557 | D:4      | Reached skill level 1 in Crossbows
  1557 | D:4      | Reached skill level 1 in Throwing
  1557 | D:4      | Reached skill level 1 in Dodging
  1557 | D:4      | Reached skill level 1 in Shields
  1557 | D:4      | Reached skill level 1 in Unarmed Combat
  1557 | D:4      | Reached skill level 1 in Evocations
  1591 | D:4      | Reached XP level 4. HP: 28/38 MP: 8/8
  1609 | D:4      | Noticed a phantom
  1632 | D:4      | Slain by a phantom

Illustrated notes

Levels and vault maps discovered:
D:1:      amcnicky_arrival_double_pillar, layout_basic, serial_park_tiny_2
D:2:      layout_basic
D:4:      layout_basic, vehumet_altar_wand_db, minmay_temple_entry_tees,
          nicolae_ossuary_entry_giza

Skill      XL: |  1  2  3 |
---------------+----------+-----
Invocations    | 1 |  1.2
Short Blades   | 1 |  1.1
Long Blades    | 1 |  1.1
Axes           | 1 |  1.1
Maces & Flails | 1 |  1.1
Polearms       | 1 |  1.1
Staves         | 1 |  1.1
Slings         | 1 |  1.1
Bows           | 1 |  1.1
Crossbows      | 1 |  1.1
Throwing       | 1 |  1.1
Dodging        | 1 |  1.1
Shields        | 1 |  1.1
Unarmed Combat | 1 |  1.1
Evocations     | 1 |  1.1
Spellcasting   | 3 |  3.0
Fighting       | |  4.6
Armour         | |  6.6
Stealth        | |  4.2
Conjurations   | |  0.9
Hexes          | |  3.8
Summonings     | |  0.9
Necromancy     | |  0.9
Translocations | |  0.9
Transmutations | |  0.9
Fire Magic     | |  0.9
Ice Magic      | |  0.9
Air Magic      | |  0.9
Earth Magic    | |  0.9
Poison Magic   | |  0.9

Action                   |  1- 3 |  4- 6 || total
-------------------------+-------+-------++-------
Melee: Spear             |   127 |    20 ||   147
       Bite              |     6 |     3 ||     9
 Stab: Sleeping          |     2 |       ||     2
Armor: Scale mail        |    68 |     6 ||    74
Dodge: Dodged            |    46 |     6 ||    52

Table legend: (Time is in decaauts)
 A = Elapsed time spent in this place.
 B = Non-inter-level travel time spent in this place.
 C = Inter-level travel time spent in this place.
 D = Time resting spent in this place.
 E = Time spent auto-exploring this place.
 F = Levels seen in this place.
 G = Mean time per level.
                   A        B        C        D        E       F      G
               +--------+--------+--------+--------+--------+-----+--------+
         Total |   1641 |   1566 |     75 |      0 |   1308 |   3 |  547.0 |
       Dungeon |   1641 |   1566 |     75 |      0 |   1308 |   3 |  547.0 |
               +--------+--------+--------+--------+--------+-----+--------+

Top non-repeatable levels by time:
     D:1: 791 daAuts
     D:2: 762 daAuts
     D:4: 87 daAuts
